 Dungeon Crawl Stone Soup version 0.23.0-28-g6fe0f4dc8b (webtiles) character file.

Game seed: 17333340409227753624

290 Bapho the Magician (level 6, -1/34 HPs)
             Began as a Deep Elf Wizard on Feb 26, 2019.
             Killed from afar by an orc wizard (3 damage)
             ... with a magic dart
             ... on level 5 of the Dungeon.
             The game lasted 00:11:16 (4038 turns).

Bapho the Magician (Deep Elf Wizard)                Turns: 4038, Time: 00:11:17

Health: -1/34      AC:  5    Str:  4    XL:     6   Next: 9%
Magic:  14/16      EV: 14    Int: 27    God:
Gold:   283        SH:  6    Dex: 15    Spells: 3/16 levels left

rFire    + + .     SeeInvis .   e - +0 dagger
rCold    + . .     Gourm    .   (no shield)
rNeg     . . .     Faith    .   a - +0 robe
rPois    +         Spirit   .   b - +0 hat
rElec    +         Reflect  +   (no cloak)
rCorr    +         Harm     .   p - +0 pair of gloves (curse)
MR       .....                  (no boots)
Stlth    ++........             t - +6 amulet of reflection
HPRegen  0.11/turn              k - ring of protection from fire
MPRegen  0.15/turn              (no ring)

@: lethally poisoned (-1 -> -13), resistant, berserk cooldown, slowed, very slow
A: molten scales 1, agile 1, clever 1
a: no special abilities


You were on level 5 of the Dungeon.
You were not hungry.

You visited 1 branch of the dungeon, and saw 6 of its levels.

You collected 283 gold pieces.

Inventory:

Hand Weapons
 e - a +0 dagger (weapon)
Armour
 a - a +0 robe (worn)
 b - a +0 hat (worn)
 p - a cursed +0 pair of gloves (worn)
Jewellery
 g - an uncursed ring of teleportation
 k - a ring of protection from fire (left hand)
 t - a +6 amulet of reflection (around neck)
Wands
 n - a wand of digging (7)
Scrolls
 c - a scroll of immolation {unknown}
 f - 5 scrolls of teleportation
 h - a scroll of enchant weapon {unknown}
 l - a scroll of blinking {unknown}
 m - 2 scrolls of amnesia {unknown}
 o - a scroll of fear
Potions
 s - a potion of berserk rage
Comestibles
 d - 11 rations
 i - 2 chunks of flesh


   Skills:
 + Level 1.3 Fighting
 + Level 3.4 Dodging
 - Level 2.4 Stealth
 - Level 5.9 Spellcasting
 - Level 4.9 Conjurations
 - Level 1.1 Summonings
 - Level 1.1 Translocations


You had 3 spell levels left.
You knew the following spells:

 Your Spells              Type           Power        Failure   Level  Hunger
a - Magic Dart            Conj           ####         1%          1    None
b - Blink                 Tloc           N/A          6%          2    None
c - Call Imp              Summ           ##......     6%          2    None
d - Slow                  Hex            #.......     10%         2    None
e - Conjure Flame         Conj/Fire      ###.....     7%          3    None
f - Mephitic Cloud        Conj/Pois/Air  ###.....     10%         3    None

Your spell library contained the following spells:

 Spells                   Type           Power        Failure   Level  Hunger


Dungeon Overview and Level Annotations

Branches:
Dungeon (6/15)
 Temple: D:4-7

Altars:
Fedhas
Makhleb
Nemelex Xobeh
Yredelemnul


Innate Abilities, Weirdness & Mutations

You are partially covered in molten scales. (AC +2)
You are agile. (Dex +2)
Your mind is acute. (Int +2)


Message History

The magic dart hits the orc wizard but does no damage.
The orc wizard is almost dead.
* * * LOW HITPOINT WARNING * * *
You feel sick. The orc wizard casts a spell at you. The magic dart hits you.
* * * LOW HITPOINT WARNING * * *
You block the orc wizard's attack.
Casting: Magic Dart (safe; 1% risk of failure)
Confirm with . or Enter, or press ? or * to list all spells.
Aiming: Magic Dart (safe; 1% risk of failure)
Press: ? - help, Shift-Dir - straight line, f/p - orc wizard
Aim: an orc wizard, wielding a +1 dagger of venom and wearing a +0 robe (almost dead)
The magic dart hits the orc wizard but does no damage.
The orc wizard is almost dead.
* * * LOW HITPOINT WARNING * * *
You feel sick.
The orc wizard points at you and mumbles some strange words.
The magic dart hits you.
You die...

#............
#....รท.......
#...........$ .
#....######## ..
#....##....# ...
##....##....# ....
#...........#######.....
###.###>..................
#...#.....@o..............
#.###.####...)...####.....
#.# #.#..........# ... #.#
# #...#.#...)# . #.#
#.#.#......).. #.#
#...#.......... #.#
+...#............ #.#
#..%#............ #.#
#...#............


You could see an orc wizard.

Vanquished Creatures
  A hound (D:6)
  A jelly (D:3)
  3 orc wizards
  3 adders
  A howler monkey skeleton (D:5)
  A shadow imp (D:5)
  2 dart slugs
  5 leopard geckos
  4 orcs (D:4)
  4 bats
  5 giant cockroaches
  9 goblins
  A hobgoblin (D:1)
  4 jackals (D:1)
  7 kobolds
  3 quokkas
  A ball python (D:1)
  6 frilled lizards
  A quokka skeleton (D:5)
  7 rats
69 creatures vanquished.

Vanquished Creatures (collateral kills)
  A hound (D:3)
  An orc wizard (D:5)
  A worker ant (D:4)
  An adder (D:3)
  2 orcs
6 creatures vanquished.

Grand Total: 75 creatures vanquished

Notes
Turn   | Place    | Note
-------+----------+-------------------------------------------
     0 | D:1      | Bapho the Deep Elf Wizard began the quest for the Orb.
     0 | D:1      | Reached XP level 1. HP: 10/10 MP: 7/7
   259 | D:1      | Reached XP level 2. HP: 15/15 MP: 5/9
   976 | D:1      | Learned a level 2 spell: Blink
   979 | D:1      | Learned a level 2 spell: Call Imp
   982 | D:1      | Learned a level 2 spell: Slow
  1212 | D:2      | Reached XP level 3. HP: 19/19 MP: 8/11
  1363 | D:2      | Reached skill level 5 in Spellcasting
  1600 | D:2      | Learned a level 3 spell: Conjure Flame
  2010 | D:3      | Found a burning altar of Makhleb.
  2070 | D:3      | Reached XP level 4. HP: 22/24 MP: 11/13
  2075 | D:3      | Learned a level 3 spell: Mephitic Cloud
  2292 | D:3      | Found a sparkling altar of Nemelex Xobeh.
  2671 | D:3      | Found a blossoming altar of Fedhas.
  2837 | D:4      | Found a basalt altar of Yredelemnul.
  2875 | D:4      | Reached XP level 5. HP: 21/28 MP: 8/15
  2900 | D:4      | Gained mutation: Your mind is acute. (Int +2) [potion of
                  | mutation]
  2900 | D:4      | Gained mutation: You are partially covered in molten
                  | scales. (AC +2) [potion of mutation]
  2900 | D:4      | Gained mutation: You are agile. (Dex +2) [potion of
                  | mutation]
  3608 | D:4      | You fall through a shaft for 2 floors!
  3894 | D:5      | Entered Level 5 of the Dungeon
  3901 | D:5      | Reached skill level 1 in Fighting
  3991 | D:5      | Reached XP level 6. HP: 27/34 MP: 7/16
  4038 | D:5      | Killed from afar by an orc wizard

Skill      XL: |  1  2  3  4  5 |
---------------+----------------+-----
Conjurations   | 2 3 4 |  4.9
Spellcasting   | 5 |  5.9
Dodging        | 3 |  3.4
Fighting       | 1 |  1.3
Stealth        | |  2.4
Summonings     | |  1.1
Translocations | |  1.1

Action                   |  1- 3 |  4- 6 || total
-------------------------+-------+-------++-------
Melee: Dagger            |    18 |    14 ||    32
 Cast: Magic Dart        |    84 |    82 ||   166
       Call Imp          |     1 |    10 ||    11
  Use: Scroll            |     3 |     2 ||     5
       Potion            |       |     8 ||     8
 Stab: Sleeping          |     1 |       ||     1
  Eat: Chunk             |     3 |     6 ||     9
Armor: Robe              |     3 |     7 ||    10
Dodge: Dodged            |    29 |    20 ||    49
Block: Other             |       |     2 ||     2
